 Dungeon Crawl Stone Soup version 0.26-a0-651-gb41185065b (webtiles) character file.

Game seed: 16255299422222948405

916 Flugslaktarn the Chopper (level 7, 57/67 HPs)
             Began as a Deep Dwarf Fighter on Oct 6, 2020.
             Quit the game on level 4 of the Dungeon.
             The game lasted 00:02:05 (1583 turns).

Flugslaktarn the Chopper (Deep Dwarf Fighter)       Turns: 1583, Time: 00:02:06

Health: 57/67      AC: 12    Str: 22    XL:     7   Next: 83%
Magic:  2/2        EV:  6    Int:  8    God:
Gold:   132        SH: 10    Dex: 12    Spells: 6/6 levels left

rFire    . . .     SeeInvis .   a - +0 war axe
rCold    . . .     Faith    .   c - +0 kite shield
rNeg     . . .     Spirit   .   l - +0 chain mail
rPois    .         Reflect  .   (no helmet)
rElec    .         Harm     .   (no cloak)
rCorr    +         Rampage  .   j - +1 pair of gloves
MR       +....     Rnd*Tele +   (no boots)
Stlth    ..........             (no amulet)
HPRegen  0.00/turn              s - ring of teleportation (curse)
MPRegen  0.08/turn              k - ring of resist corrosion

@: non-regenerating
A: damage resistance, heal wounds, sense surroundings 1, no regeneration
a: Heal Wounds


You were on level 4 of the Dungeon.
You visited 1 branch of the dungeon, and saw 4 of its levels.
You also visited: Ossuary.

You collected 132 gold pieces.

Inventory:

Hand Weapons
 a - a +0 war axe (weapon)
Armour
 c - a +0 kite shield (worn)
 j - a +1 pair of gloves (worn)
   (You found it on level 1 of the Dungeon)
 l - a +0 chain mail (worn)
   (You took it off an orc priest on level 4 of the Dungeon)
Jewellery
 k - a ring of resist corrosion (right hand)
   (You found it in an ossuary)
 s - a cursed ring of teleportation (left hand)
   (You found it on level 4 of the Dungeon)
Scrolls
 e - a scroll of amnesia
 g - a scroll of fear
 t - 2 scrolls of teleportation
 x - 3 scrolls of remove curse
Potions
 d - 2 potions of degeneration
 f - 4 potions of lignification
 i - 3 potions of mutation
 m - a potion of berserk rage
 p - a potion of ambrosia
 w - 3 potions of heal wounds


   Skills:
 * Level 5.4 Fighting
 * Level 6.0 Axes
 + Level 5.1 Armour
 + Level 5.1 Shields


You had 6 spell levels left.
You didn't know any spells.
Your spell library was empty.

Dungeon Overview and Level Annotations

Branches:
Dungeon (4/15)            Ossuary (visited)
 Temple: D:4-7

Altars:
Nemelex Xobeh
Yredelemnul

Annotations:
D:3 3 runed translucent doors, Lanoc's ghost, weakling FoAr
D:4 2 runed translucent doors, exclusions: door and 2 more exclusions, Flugslaktarn's ghost, amateur DDFi


Innate Abilities, Weirdness & Mutations

You are resistant to damage.
You can heal yourself by infusing magical energy.
You passively map a small area around you.
You do not regenerate.


Message History

You slash the worm!
The worm is almost dead.
You block the worm's attack.
You slash the worm!
You kill the worm!
No target in view!
No target in view!
No target in view!
No target in view!
No target in view!
No target in view!
No target in view!
No target in view!
No target in view!
No target in view!
No target in view!
No target in view!
No target in view!
No target in view!
Are you sure you want to abandon this character and quit the game? (Confirm with "yes".)

#....≈≈≈.#,*,,,,***
#.P..≈≈≈.#,*,,,,*,*
#....≈≈≈.#,***+**,*
#....≈≈≈.#,,,,,,*,*
*****
#....≈≈≈.#,,,,,,*,+
,,,,*
#....≈≈≈.#,********
,,,,* *****
#....≈≈≈.#,*,,,,,,,
,,,,* *,,,*
#....≈≈≈.#,+,,,,,,,
***,***,*,#
#.@.P≈≈###'#,,,,,,,
#..,,,*.#
#....≈≈#...########
#.#####.*
#....≈≈#ggg#..!....
#.#....,*
#....≈≈#####≈≈≈≈≈≈≈
#.#.######
#....≈≈≈≈≈≈≈≈≈≈≈≈≈≈
#.#.#....##
#....≈≈≈≈≈≈≈≈≈≈≈≈≈≈
#.#.#.....#
#.....P............
###.#.#.....#
####...............
<...#.#.....#
#.###......#####


There were no monsters in sight!

Vanquished Creatures
  Blork the orc (D:4)
  A scorpion (D:4)
  A bullfrog zombie (Ossuary)
  A centaur zombie (Ossuary)
  A hound (D:4)
  2 orc priests (D:4)
  3 orc wizards (D:4)
  11 mummies (Ossuary)
  An iguana (D:4)
  2 worker ants (D:4)
  3 killer bee zombies (Ossuary)
  3 hound zombies (Ossuary)
  A worker ant zombie (Ossuary)
  5 adders
  6 gnolls (D:4)
  An ufetubus (D:4)
  2 adder zombies (Ossuary)
  A worm (D:4)
  A dart slug (D:1)
  3 leopard geckos
  2 orcs (D:4)
  A bat (D:3)
  A giant cockroach (D:1)
  2 hobgoblins
  4 jackals (D:4)
  2 quokkas
  2 goblins
  3 kobolds
  A leopard gecko zombie (Ossuary)
  3 rats
71 creatures vanquished.

Vanquished Creatures (others)
  An orc wizard (D:4)
  A plant (D:4)
  6 withered plants (Ossuary)
8 creatures vanquished.

Grand Total: 79 creatures vanquished

Notes
Turn   | Place    | Note
-------+----------+-------------------------------------------
     0 | D:1      | Flugslaktarn the Deep Dwarf Fighter began the quest for the
                  | Orb.
     0 | D:1      | Reached XP level 1. HP: 20/20 MP: 1/1
   116 | D:1      | Reached XP level 2. HP: 17/27 MP: 2/2
   187 | D:2      | Reached XP level 3. HP: 34/34 MP: 3/3
   212 | D:2      | Reached skill level 3 in Axes
   332 | D:3      | Noticed Lanoc's ghost (weakling FoAr)
   342 | D:3      | Found a basalt altar of Yredelemnul.
   343 | D:3      | Found a sparkling altar of Nemelex Xobeh.
   355 | D:3      | Found a runed translucent gate.
   355 | D:3      | Found a runed translucent gate.
   355 | D:3      | Found a runed translucent gate.
   454 | D:3      | Reached XP level 4. HP: 42/42 MP: 4/4
   478 | D:4      | Found a runed translucent door.
   479 | D:4      | Noticed Flugslaktarn's ghost (amateur DDFi)
   504 | D:4      | Found a runed translucent door.
   550 | D:4      | Reached XP level 5. HP: 42/50 MP: 4/4
   577 | D:4      | Noticed Blork the orc
   584 | D:4      | Reached skill level 4 in Axes
   589 | D:4      | HP: 2/50 [Blork the orc/+0 flail (5)]
   608 | D:4      | Reached XP level 6. HP: 55/57 MP: 4/4
   620 | D:4      | Killed Blork the orc
   838 | D:4      | Found a sand-covered staircase.
   916 | Ossuary  | Entered an ossuary
   931 | Ossuary  | Reached skill level 5 in Axes
   967 | Ossuary  | Reached XP level 7. HP: 28/66 MP: 5/5
  1028 | Ossuary  | Got a slimy golden ring
  1076 | Ossuary  | Reached skill level 5 in Fighting
  1141 | Ossuary  | Reached skill level 5 in Shields
  1161 | Ossuary  | Reached skill level 5 in Armour
  1517 | D:4      | Reached skill level 6 in Axes
  1520 | D:4      | Identified the ring of Lutor {+Inv rF- Int+2 Stlth+} (You
                  | found it in an ossuary)
  1583 | D:4      | Quit the game

Illustrated notes

Levels and vault maps discovered:
D:1:      sevenhm_arrival_forest_fort_large_2, layout_basic, serial_bayou_ford_a
D:2:      layout_basic
D:3:      layout_basic, grunt_temple_overflow_open, gammafunk_ghost_icy
D:4:      lemuel_castle_with_subvaults [lemuel_castle_interior_carwin_1],
          layout_rooms, serial_co_window_serial, co_window_corner_a,
          co_window_of_opportunity_a, co_window_corner_a, co_window_corner_a,
          co_window_cross_1, co_window_corner_b, co_window_unsneaky_path_c,
          co_window_unsneaky_path_c, co_window_cross_2,
          co_window_of_opportunity_c, co_window_broadway_a,
          ebering_ghost_sewer_f, nicolae_ossuary_entry_plus,
          chequers_serial_rivers_micro_e, uniq_blork_the_orc

Skill      XL: |  1  2  3  4  5  6  7 |
---------------+----------------------+-----
Fighting       | 3 4 5 |  5.4
Axes           | 3 4 5 6 |  6.0
Shields        | 4 5 |  5.1
Armour         | 4 5 |  5.1

Action                   |  1- 3 |  4- 6 |  7- 9 || total
-------------------------+-------+-------+-------++-------
Melee: War axe           |    99 |   100 |   150 ||   349
 Abil: Heal Wounds       |     2 |     7 |     6 ||    15
  Use: Potion            |       |     1 |       ||     1
       Scroll            |       |     4 |    10 ||    14
Armor: Scale mail        |    60 |    27 |       ||    87
       Chain mail        |       |    30 |    89 ||   119
Dodge: Dodged            |    41 |    31 |    31 ||   103
Block: Kite shield       |    70 |    72 |    77 ||   219

Table legend: (Time is in decaauts)
 A = Elapsed time spent in this place.
 B = Non-inter-level travel time spent in this place.
 C = Inter-level travel time spent in this place.
 D = Time resting spent in this place.
 E = Time spent auto-exploring this place.
 F = Levels seen in this place.
 G = Mean time per level.
                   A        B        C        D        E       F      G
               +--------+--------+--------+--------+--------+-----+--------+
         Total |   1722 |   1672 |     50 |      0 |    876 |   5 |  344.4 |
       Dungeon |   1373 |   1323 |     50 |      0 |    826 |   4 |  343.2 |
       Ossuary |    348 |    348 |      0 |      0 |     50 |   1 |  348.0 |
               +--------+--------+--------+--------+--------+-----+--------+

Top non-repeatable levels by time:
     D:4: 871 daAuts
 Ossuary: 348 daAuts
     D:3: 188 daAuts
     D:1: 175 daAuts
     D:2: 137 daAuts
